 Dungeon Crawl Stone Soup version 0.23.2-1-ga50397a (webtiles) character file.

Game seed: 4669105260241599996

880 schauveau the Archer (level 7, 0/55 HPs)
             Began as a Centaur Hunter on May 2, 2019.
             Was an Initiate of Okawaru.
             Slain by an orc
             ... wielding a +0 short sword
              (2 damage)
             ... on level 5 of the Dungeon.
             The game lasted 00:07:16 (6001 turns).

schauveau the Archer (Centaur Hunter)               Turns: 6001, Time: 00:07:18

Health: 0/55       AC:  4    Str: 15    XL:     7   Next: 75%
Magic:  7/7        EV:  9    Int: 10    God:    Okawaru [......]
Gold:   161        SH:  0    Dex: 11    Spells: 6/6 levels left

rFire    . . .     SeeInvis .   b - +2 halberd (flame)
rCold    . . .     Gourm    .   (shield currently unavailable)
rNeg     . . .     Faith    .   c - +0 leather armour
rPois    .         Spirit   .   (no helmet)
rElec    .         Reflect  .   (no cloak)
rCorr    +         Harm     .   (no gloves)
MR       .....                  (no barding)
Stlth    +.........             (no amulet)
HPRegen  0.18/turn              n - ring of resist corrosion
MPRegen  0.10/turn              (no ring)

@: very quick
A: large, hooves 3, deformed body, speed 2, tough skin 3
a: Renounce Religion


You were on level 5 of the Dungeon.
You worshipped Okawaru.
Okawaru was noncommittal.
You were hungry.

You visited 2 branches of the dungeon, and saw 6 of its levels.

You collected 161 gold pieces.

Inventory:

Hand Weapons
 a - a +2 shortbow
 b - a +2 halberd of flaming (weapon)
 i - a +0 short sword
 k - a +0 spear
 w - a +1 vampiric short sword
Missiles
 d - 43 arrows
 o - 29 poisoned needles
Armour
 c - a +0 leather armour (worn)
Jewellery
 n - a ring of resist corrosion (left hand)
Scrolls
 e - 4 scrolls of teleportation
 m - 2 scrolls of remove curse
 p - a scroll of magic mapping {unknown}
 r - a scroll of amnesia {unknown}
 t - a scroll of enchant weapon
 u - a scroll of fear {unknown}
 v - a scroll of random uselessness {unknown}
Potions
 g - 2 potions of heal wounds
 h - a potion of ambrosia {unknown}
 j - 2 potions of lignification
 l - 2 potions of flight {unknown}
 q - a potion of might {unknown}
 s - 2 potions of curing {unknown}
Comestibles
 f - 11 rations


   Skills:
 - Level 2.0 Fighting
 * Level 12.3 Bows
 - Level 1.3 Dodging
 - Level 0.4 Stealth


You had 6 spell levels left.
You didn't know any spells.
Your spell library was empty.

Dungeon Overview and Level Annotations

Branches:
Dungeon (5/15)             Temple (1/1) D:4

Altars:
Ashenzari
Cheibriados
Dithmenos
Elyvilon
Gozag
Hepliaklqana
Kikubaaqudgha
Makhleb
Nemelex Xobeh
Okawaru
Qazlal
Ru
Sif Muna
Trog
Uskayaw
Vehumet
Xom
Yredelemnul
Zin
The Shining One

Shops:
D:4 [


Innate Abilities, Weirdness & Mutations

You have hooves in place of feet.
Armour fits poorly on your strangely shaped body.
You cover ground very quickly.
You have extremely tough skin. (AC +3)


Message History

The orc wizard is severely wounded.
The orc barely misses you.
The orc wizard hits you with a +0 dagger.
The orc hits you but does no damage.
The orc wizard points at you and mumbles some strange words.
You resist with some effort. The orc closely misses you.
You barely miss the orc wizard.
The orc wizard is severely wounded.
The orc wizard barely misses you. The orc hits you with a +0 short sword.
* * * LOW HITPOINT WARNING * * *
The orc wizard hits you but does no damage.
The orc closely misses you. The orc hits you with a +0 short sword.
* * * LOW HITPOINT WARNING * * *
You closely miss the orc wizard.
The orc wizard is severely wounded.
The orc wizard casts a spell at you. The magic dart hits you!
* * * LOW HITPOINT WARNING * * *
The orc wizard barely misses you. The orc hits you with a +0 short sword.
You die...

##.....#................
##.............#.........
#.................<......
#...............####....h
#...............# ###...
#..)............## ...
#.................#
#......oo.[.....#...
##.....o@......#####
##.....#.....##
########.#.## #.....
#.....# #.....# #....#
...#


You could see an orc wizard and 2 orcs.

Vanquished Creatures
  Menkaure (D:4)
  An ice beast (D:3)
  A phantom (D:4)
  An ogre (D:4)
  A howler monkey (D:4)
  2 orc priests
  A hound (D:4)
  3 orc wizards (D:4)
  3 worker ants (D:4)
  A hound skeleton (D:4)
  7 adders
  4 gnolls (D:4)
  An ooze (D:4)
  An adder skeleton (D:4)
  2 worms
  5 leopard geckos
  7 orcs
  A ball python (D:4)
  4 bats
  9 giant cockroaches
  6 goblins
  7 hobgoblins
  2 jackals (D:2)
  3 kobolds
  A quokka (D:2)
  9 frilled lizards
  9 rats
  A spectral orc (D:3)
94 creatures vanquished.

Notes
Turn   | Place    | Note
-------+----------+-------------------------------------------
     0 | D:1      | schauveau the Centaur Hunter began the quest for the Orb.
     0 | D:1      | Reached XP level 1. HP: 17/17 MP: 1/1
   319 | D:1      | Reached XP level 2. HP: 24/24 MP: 2/2
   327 | D:1      | Reached skill level 6 in Bows
   808 | D:3      | Reached XP level 3. HP: 29/29 MP: 3/3
   870 | D:4      | Reached skill level 7 in Bows
  1181 | D:4      | Noticed Menkaure
  1207 | D:4      | Killed Menkaure
  1207 | D:4      | Reached skill level 8 in Bows
  1207 | D:4      | Reached XP level 4. HP: 36/36 MP: 4/4
  1207 | D:4      | Reached XP level 5. HP: 41/41 MP: 5/5
  1242 | D:4      | Reached skill level 9 in Bows
  1614 | D:4      | Reached XP level 6. HP: 16/48 MP: 6/6
  1923 | D:4      | Reached skill level 10 in Bows
  2002 | D:5      | Entered Level 5 of the Dungeon
  2002 | D:5      | Noticed an ice beast
  2363 | D:2      | Found a shimmering altar of Xom.
  2363 | D:2      | Found a shimmering altar of Xom.
  2363 | D:2      | Found a shimmering altar of Xom.
  2365 | D:2      | Found a shimmering altar of Xom.
  2366 | D:2      | Found a shimmering altar of Xom.
  2366 | D:2      | Found a shimmering altar of Xom.
  2366 | D:2      | Found a shimmering altar of Xom.
  2893 | D:2      | Found a sacrificial altar of Ru.
  2895 | D:2      | Found a white marble altar of Elyvilon.
  2895 | D:2      | Found a hide-covered altar of Uskayaw.
  2895 | D:2      | Found an opulent altar of Gozag.
  3366 | D:3      | Killed an ice beast
  3366 | D:3      | Reached XP level 7. HP: 7/55 MP: 7/7
  3667 | D:3      | Reached skill level 11 in Bows
  3669 | D:3      | Found a shattered altar of Ashenzari.
  3875 | D:3      | Found a basalt altar of Yredelemnul.
  4487 | D:4      | Found a staircase to the Ecumenical Temple.
  4505 | Temple   | Entered the Ecumenical Temple
  4898 | Temple   | Became a worshipper of Warmaster Okawaru
  5172 | D:4      | Reached skill level 12 in Bows
  5200 | D:4      | Found a snail-covered altar of Cheibriados.
  5459 | D:4      | Found Etorawk Ikhla's Armour Shoppe.
  6001 | D:5      | HP: 2/55 [orc wizard/magic dart (9)]
  6001 | D:5      | Slain by an orc

Skill      XL: |  1  2  3  4  5  6  7 |
---------------+----------------------+-----
Bows           | 6 8 9 10 12 | 12.3
Fighting       | |  2.0
Dodging        | |  1.3
Stealth        | |  0.4

Action                   |  1- 3 |  4- 6 |  7- 9 || total
-------------------------+-------+-------+-------++-------
Melee: Short sword       |    18 |       |       ||    18
       Kick              |     6 |     6 |    18 ||    30
       Spear             |    65 |       |       ||    65
       Halberd           |       |    65 |   111 ||   176
 Fire: Shortbow          |    11 |    60 |     3 ||    74
  Use: Scroll            |     1 |     2 |     4 ||     7
  Eat: Chunk             |       |     3 |     6 ||     9
       Ration            |       |     1 |       ||     1
Armor: Leather armour    |    26 |    50 |    41 ||   117
Dodge: Dodged            |    32 |    56 |    71 ||   159
